 Dungeon Crawl Stone Soup version 0.19.1 (webtiles) character file.

49 Angani the Skirmisher (level 3, 0/33 HPs)
             Began as a Draconian Chaos Knight on Dec 27, 2016.
             Slain by Sigmund
             ... wielding a +0 scythe
              (8 damage)
             ... on level 2 of the Dungeon.
             The game lasted 00:02:05 (943 turns).

Angani the Skirmisher (Draconian Chaos Knight)       Turns: 943, Time: 00:02:06

Health: 0/33       AC:  6    Str: 14    XL:     3   Next: 53%
Magic:  3/3        EV: 13    Int: 12    God:    Xom [..*...]
Gold:   34         SH:  0    Dex: 11    Spells: 0 memorised, 2 levels left

rFire  . . .     SeeInvis .     a - +0 mace (chaos)
rCold  . . .     Gourm    .     (armour unavailable)
rNeg   . . .     Faith    .     (no shield)
rPois  .         Spirit   .     (helmet restricted)
rElec  .         Reflect  .     (no cloak)
rCorr  .         Harm     .     i - +0 pair of gloves
MR     .....                    (no boots)
Stlth  +.........               (no amulet)
                                (no ring)
                                (no ring)

@: confused
A: unfitting armour, cold-blooded, AC +5
a: Renounce Religion


You were on level 2 of the Dungeon.
You worshipped Xom.
You were a toy of Xom.
You were not hungry.

You visited 1 branch of the dungeon, and saw 2 of its levels.

You collected 34 gold pieces.

Inventory:

Hand Weapons
 a - a +0 mace of chaos (weapon)
Armour
 i - a +0 pair of gloves (worn)
Scrolls
 c - a scroll of blinking {unknown}
 d - a scroll of identify {unknown}
 e - a scroll of amnesia {unknown}
 f - a scroll of enchant weapon {unknown}
Comestibles
 b - 3 bread rations
 h - 3 chunks of flesh


   Skills:
 + Level 4.1 Fighting
 + Level 3.4 Maces & Flails
 + Level 2.8 Dodging


You had 2 spell levels left.
You didn't know any spells.

Dungeon Overview and Level Annotations

Branches:
Dungeon (2/15)

Altars:
The Shining One

Annotations:
D:2 Sigmund


Innate Abilities, Weirdness & Mutations

Your plain brown scales are hard. (AC +5)
You cannot fit into any form of body armour.
You are cold-blooded and may be slowed by cold attacks.


Message History

Sigmund is lightly wounded.
Sigmund closely misses you.
You thump Sigmund!
Sigmund is heavily wounded.
Sigmund hits you with a scythe!
You closely miss Sigmund.
Your tail-slap misses Sigmund.
Sigmund is heavily wounded.
Sigmund gestures at you while chanting.
You are confused.
You miss Sigmund.
Sigmund is heavily wounded.
Sigmund hits you with a scythe!
* * * LOW HITPOINT WARNING * * *
You closely miss Sigmund.
Sigmund is heavily wounded.
You bump into the rock wall.
Sigmund asks, "Do you like me?" Sigmund hits you with a scythe!
You die...
Xom giggles madly!

. +........,,,*+ * * **,, .
#........#...#** #..,,,,,, ,,
..#.............###..#,* , **
..#..............#...#,* *,,,
....................>#,* *, *
..#.(................* * *, ,*
...§............... * * ,,,
###.###......###@# *, ,, , ,
...§§§..........@# ,** *** *
....###......###.# ,,, , ,
....###......###.########****,
........................#
..#..........##.###.###.#
###.....##...##.###.# #§#
....###.##.§§§...##.###§#####.#
....###.#....##..##.##.§......#
.............##.§##.##§..####.#


You could see Sigmund.

Vanquished Creatures
  An adder (D:2)
  A river rat (D:1)
  2 dart slugs (D:1)
  A giant cockroach (D:1)
  9 goblins
  2 hobgoblins (D:1)
  2 kobolds (D:1)
  2 bats (D:1)
  3 frilled lizards (D:1)
  5 rats (D:1)
28 creatures vanquished.

Notes
Turn   | Place    | Note
-------+----------+-------------------------------------------
     0 | D:1      | Angani the Draconian Chaos Knight began the quest for the Orb.
     0 | D:1      | Reached XP level 1. HP: 19/19 MP: 1/1
    19 | D:1      | XOM: potion effect (brilliance)
    25 | D:1      | Reached XP level 2. HP: 5/26 MP: 2/2
   375 | D:1      | XOM: harmless Tmut miscast
   509 | D:1      | Reached XP level 3. HP: 31/33 MP: 3/3
   556 | D:1      | Found a glowing golden altar of the Shining One.
   725 | D:1      | Reached skill level 4 in Fighting
   856 | D:1      | XOM: cloud trail
   928 | D:2      | Noticed Sigmund
   929 | D:2      | XOM: divination: magic mapping
   943 | D:2      | Slain by Sigmund

Skill      XL: |  1  2  3 |
---------------+----------+-----
Fighting       | 4 |  4.1
Maces & Flails | |  3.4
Dodging        | |  2.8

Action                   || total
-------------------------++-------
Melee: Mace              ||    96
       Tailslap          ||    12
  Use: Potion            ||     2
 Stab: Petrified         ||     7
       Petrifying        ||     1
Armor: Skin              ||    26
Dodge: Dodged            ||    75
